 Dungeon Crawl Stone Soup version 0.29-a0-1052-g6990b1bffc (webtiles) character file.

Game seed: 3306421221448841364

739 xian the Digger (level 7, 0/52 HPs)
             Began as a Red Draconian Earth Elementalist on Aug 18, 2022.
             Slain by an ufetubus (4 damage)
             ... on level 5 of the Dungeon.
             The game lasted 00:11:56 (4007 turns).

xian the Digger (Red Draconian Earth Elementalist)  Turns: 4007, Time: 00:11:57

Health: 0/52       AC:  7    Str: 10    XL:     7   Next: 46%
Magic:  9/14       EV: 12    Int: 17    God:
Gold:   301        SH:  0    Dex: 12    Spells: 10/16 levels left

rFire   + . .      SeeInvis +   y - +2 dagger (venom)
rCold   . . .      Faith    .   (no shield)
rNeg    . . .      Spirit   .   (body armour unavailable)
rPois   .          Reflect  .   (helmet restricted)
rElec   .          Harm     .   (no cloak)
rCorr   .          Rampage  .   (no gloves)
Will    .....                   s - +0 pair of boots
Stlth   ++........              n - amulet of regeneration
HPRegen 0.97/turn               g - ring of see invisible
MPRegen 0.14/turn               (no ring)

@: lethally poisoned (0 -> -1)
A: breathe fire, AC +6, unfitting armour, fire resistance 1, cold-blooded
a: Breathe Fire


You were on level 5 of the Dungeon.
You visited 1 branch of the dungeon, and saw 5 of its levels.

You collected 301 gold pieces.

Inventory:

Hand Weapons
 y - a +2 dagger of venom (weapon)
Armour
 s - a +0 pair of boots (worn)
Magical Staves
 o - a staff of air
Jewellery
 g - a ring of see invisible (left hand)
 n - an amulet of regeneration (around neck)
Wands
 c - a wand of flame (25)
 x - a wand of roots (9)
Scrolls
 e - 2 scrolls of enchant armour {unknown}
 f - 2 scrolls of immolation {unknown}
 i - a scroll of torment {unknown}
 j - a scroll of butterflies {unknown}
 k - a scroll of enchant weapon {unknown}
 l - 3 scrolls of identify {unknown}
 m - a scroll of vulnerability {unknown}
 u - a scroll of amnesia {unknown}
 v - 6 scrolls of teleportation {unknown}
 w - 2 scrolls of fear {unknown}
Potions
 a - a potion of magic
 b - a potion of mutation {unknown}
 d - a potion of resistance {unknown}
 h - 2 potions of haste {unknown}
 p - a potion of heal wounds {unknown}
 q - a potion of cancellation {unknown}
 r - a potion of lignification {unknown}
 t - 2 potions of ambrosia {unknown}
 z - a potion of curing {unknown}


   Skills:
 + Level 1.0 Fighting
 + Level 0.3(1.0) Short Blades
 + Level 1.5(1.6) Long Blades
 + Level 2.4 Dodging
 + Level 2.8 Stealth
 + Level 5.2 Spellcasting
 + Level 0.3 Conjurations
 + Level 1.0 Transmutations
 + Level 5.8 Earth Magic


You had 10 spell levels left.
You knew the following spells:

 Your Spells              Type           Power      Damage    Failure   Level
a - Sandblast             Erth           48%        2d12      1%          1
b - Passwall              Tmut/Erth      13%        N/A       5%          2
c - Stone Arrow           Conj/Erth      28%        3d8       12%         3

Your spell library contained the following spells:

 Spells                   Type           Power      Damage    Failure   Level
 Petrify                  Tmut/Erth      16%        N/A       34%         4
 Gell's Gravitas          Tloc           4%         N/A       38%         3
 Inner Flame              Hex/Fire       4%         N/A       38%         3
 Lesser Beckoning         Tloc           4%         N/A       38%         3
 Teleport Other           Tloc           4%         N/A       38%         3
 Cause Fear               Hex            2%         N/A       80%         4
 Dispersal                Tloc           2%         N/A       100%        6
 Discord                  Hex            2%         N/A       100%        8


Dungeon Overview and Level Annotations

Branches:
Dungeon (5/15)
 Temple: D:4-7

Altars:
Gozag
Makhleb
Sif Muna
Uskayaw

Annotations:
D:4 3 runed translucent doors, Sabo's ghost, amateur GrBe


Innate Abilities, Weirdness & Mutations

You can breathe blasts of fire.
Your fiery red scales are hard. (AC +6)
You cannot fit into any form of body armour.
Your flesh is heat resistant. (rF+)
You are cold-blooded and may be slowed by cold attacks.


Message History

The scorpion barely misses you.
The blast of sand hits the scorpion but does no damage.
The scorpion barely misses you.
The blast of sand hits the scorpion!
The scorpion is almost dead.
The scorpion stings you. x2
You are poisoned.
The scorpion poisons you!
The blast of sand hits the scorpion but does no damage.
The scorpion is almost dead.
You feel very sick. The scorpion barely misses you.
The scorpion stings you but does no damage.
The blast of sand hits the scorpion.
You kill the scorpion!
You feel sick.
Your Fighting skill increases to level 1!
The blast of sand misses the orc.
The blast of sand hits the orc priest but does no damage.
The orc priest is almost dead.
You feel sick. The orc misses you.
The orc priest calls down the wrath of Beogh upon you.
Beogh smites you!
You are too injured to fight recklessly!
You are too injured to fight recklessly!
You are too injured to fight recklessly!
You are too injured to fight recklessly!
Unknown command.
The orc attacks as you move away! The orc hits you but does no damage.
You feel sick. The orc hits you with a +0 falchion.
Unknown command.
You open the door.
You have got your breath back.
You feel sick. The orc closely misses you. The orc hits you but does no damage.
You feel sick.
The orc priest invokes the aid of Beogh against you.
Beogh smites you!
* * * LOW HITPOINT WARNING * * *
The ufetubus hits you.
You die...

...#......#..#........
...#......#..#.......
...#......#..#......
...#......'..#.....
)#####...###.# ..)
)..###...###.###o##
..............'...#
...)...)...)..#o5o#
############..##@##
#..#.........
...#.........
....#.........
###..#.........
#..#....##+## #....#
#....+


You could see an orc priest, 2 orcs and an ufetubus.

Vanquished Creatures
  An ogre (D:5)
  A bullfrog (D:4)
  3 scorpions
  A hound (D:4)
  2 jellies
  2 orc priests
  A gnoll bouda (D:5)
  An orc wizard (D:2)
  4 gnolls (D:5)
  8 adders
  A white imp (D:5)
  A worm (D:3)
  2 dart slugs
  12 orcs
  6 ball pythons
  4 bats
  6 endoplasms
  3 giant cockroaches (D:4)
  9 goblins
  5 hobgoblins
  2 jackals (D:2)
  5 kobolds
  3 quokkas
  4 frilled lizards
  5 rats
92 creatures vanquished.

Notes
Turn   | Place    | Note
-------+----------+-------------------------------------------
     0 | D:1      | xian the Draconian Earth Elementalist began the quest for
                  | the Orb.
     0 | D:1      | Reached XP level 1. HP: 14/14 MP: 3/3
   371 | D:1      | Reached XP level 2. HP: 17/20 MP: 1/5
   843 | D:1      | Found a faded altar of an unknown god.
  1225 | D:2      | Reached XP level 3. HP: 26/26 MP: 6/6
  1228 | D:2      | Learned a level 2 spell: Passwall
  1232 | D:2      | Learned a level 3 spell: Stone Arrow
  1442 | D:2      | Found a burning altar of Makhleb.
  1642 | D:2      | Reached XP level 4. HP: 21/33 MP: 2/8
  1650 | D:2      | Reached skill level 1 in Long Blades
  1846 | D:2      | Reached XP level 5. HP: 39/39 MP: 9/9
  2368 | D:3      | Found a shimmering blue altar of Sif Muna.
  2784 | D:4      | Reached XP level 6. HP: 31/46 MP: 5/12
  2935 | D:4      | Found a runed translucent gate.
  2937 | D:4      | Found a runed translucent gate.
  2937 | D:4      | Found an opulent altar of Gozag.
  2938 | D:4      | Found a runed translucent gate.
  3029 | D:4      | Noticed Sabo's ghost (amateur GrBe)
  3349 | D:4      | Found a hide-covered altar of Uskayaw.
  3514 | D:5      | Entered Level 5 of the Dungeon
  3524 | D:5      | Reached skill level 5 in Earth Magic
  3699 | D:5      | Your scales start taking on a fiery red colour.
  3699 | D:5      | Reached XP level 7. HP: 51/51 MP: 6/14
  3699 | D:5      | Gained mutation: Your flesh is heat resistant. (rF+) [Red
                  | Draconian growth]
  3863 | D:5      | Reached skill level 5 in Spellcasting
  4004 | D:5      | Reached skill level 1 in Fighting
  4007 | D:5      | Slain by an ufetubus

Illustrated notes

Levels and vault maps discovered:
D:1:      lightli_arrival_lavapool, layout_loops_ring,
          shapermc_ecumenical_altar_mp_urbaneastern, hex_tiny
D:2:      layout_rooms, basic_altar, minmay_quadrilaterals
D:3:      layout_loops_ring, lemuel_tele_altar
D:4:      layout_cave_pools, mainiacjoe_overflow_alcove_2, ebering_ghost_gozag,
          roderic_three_in_a_row, kennysheep_small_circle
D:5:      layout_gridville, tso_altar, minmay_tree_intersection

Skill      XL: |  1  2  3  4  5  6  7 |
---------------+----------------------+-----
Stealth        | 2 |  2.8
Dodging        | 2 |  2.4
Spellcasting   | 3 4 5 |  5.2
Long Blades    | 1 |  1.5
Earth Magic    | 4 5 |  5.8
Fighting       | 1 |  1.0
Short Blades   | |  0.3
Conjurations   | |  0.3
Transmutations | |  1.0

Action                   |  1- 3 |  4- 6 |  7- 9 || total
-------------------------+-------+-------+-------++-------
Melee: Falchion          |    46 |    19 |       ||    65
       Tailslap          |     5 |     2 |     2 ||     9
       Unarmed           |     1 |       |       ||     1
       Punch             |     1 |       |       ||     1
       Dagger            |       |     6 |    14 ||    20
 Cast: Sandblast         |    41 |    56 |     8 ||   105
       Stone Arrow       |       |     7 |     4 ||    11
 Abil: Breathe Fire      |       |       |     4 ||     4
 Stab: Sleeping          |     1 |     2 |       ||     3
       Distracted        |     1 |       |       ||     1
Armor: Skin              |    23 |     7 |    11 ||    41
Dodge: Dodged            |    53 |    31 |    26 ||   110

Table legend: (Time is in decaauts)
 A = Elapsed time spent in this place.
 B = Non-inter-level travel time spent in this place.
 C = Inter-level travel time spent in this place.
 D = Time resting spent in this place.
 E = Time spent auto-exploring this place.
 F = Levels seen in this place.
 G = Mean time per level.
                   A        B        C        D        E       F      G
               +--------+--------+--------+--------+--------+-----+--------+
         Total |   4073 |   3980 |     93 |      0 |   3053 |   5 |  814.6 |
       Dungeon |   4073 |   3980 |     93 |      0 |   3053 |   5 |  814.6 |
               +--------+--------+--------+--------+--------+-----+--------+

Top non-repeatable levels by time:
     D:1: 1235 daAuts
     D:2: 909 daAuts
     D:4: 833 daAuts
     D:3: 597 daAuts
     D:5: 497 daAuts
